 Dungeon Crawl Stone Soup version 0.19-a0-1670-gc28a5d9 (webtiles) character file.

4883 kae the Martial Artist (level 10, -11/70 HPs)
             Began as a Demonspawn Monk on Sept 21, 2016.
             Was a High Priest of Okawaru.
             Mangled by a white ugly thing (17 damage)
             ... on level 11 of the Dungeon.
             The game lasted 00:10:31 (7324 turns).

kae the Martial Artist (Demonspawn Monk)            Turns: 7324, Time: 00:10:32

Health: -11/70     AC:  5    Str: 11    XL:     10   Next: 26%
Magic:  16/16      EV: 12    Int: 19    God:    Okawaru [*****.]
Gold:   249        SH:  0    Dex: 18    Spells: 0 memorised, 9 levels left

rFire  + . .     SeeInvis +       - Unarmed
rCold  + . .     Gourm    .     a - +0 robe
rNeg   . . .     Faith    .     (no shield)
rPois  +         Spirit   .     (helmet restricted)
rElec  .         Dismiss  .     (no cloak)
rCorr  .         Reflect  .     (no gloves)
MR     .....     Harm     .     n - +0 pair of boots
Stlth  ++........               s - amulet of regeneration
                                G - ring of poison resistance
                                A - ring of Risiyn {rF+ rC+ AC+2 Int+6 SInv}

@: drained
A: antennae 1, claws 2, talons 1, powered by death 2, spiny 1
a: Heroism, Finesse, Renounce Religion


You were on level 11 of the Dungeon.
You worshipped Okawaru.
Okawaru was extremely pleased with you.
You were not hungry.

You visited 1 branch of the dungeon, and saw 10 of its levels.

You collected 369 gold pieces.
You spent 120 gold pieces at shops.

Inventory:

Armour
 a - a +0 robe (worn)
 n - a +0 pair of boots (worn)
Jewellery
 k - an uncursed amulet of faith
 s - an amulet of regeneration (around neck)
 y - a +1 ring of protection
 A - the ring of Risiyn (left claw) {rF+ rC+ AC+2 Int+6 SInv}
   (You found it on level 7 of the Dungeon)

   [ring of protection]

   It affects your AC (+2).
   It affects your intelligence (+6).
   It protects you from fire.
   It protects you from cold.
   It lets you see invisible.
 B - an uncursed amulet of harm
 G - a ring of poison resistance (right claw)
 L - a +3 ring of dexterity
Wands
 p - a wand of paralysis (16/24)
 q - a wand of enslavement (17/24)
 w - a wand of random effects (11/48)
 x - a wand of random effects (19/48)
 E - a wand of slowing (19/48)
 H - a wand of random effects (32/48)
 O - a wand of confusion (21/48)
Scrolls
 c - 6 scrolls of teleportation
 i - a scroll of immolation
 m - 2 scrolls of fog
 t - 4 scrolls of recharging
 u - 2 scrolls of remove curse
 D - 2 scrolls of magic mapping
 N - a scroll of identify
Potions
 e - a potion of berserk rage
 f - a potion of resistance
 g - a potion of flight
 h - 2 potions of mutation
 j - 3 potions of haste
 l - 4 potions of agility
 o - a potion of ambrosia
 v - a potion of cancellation
 C - a potion of might
 F - a potion of lignification {unknown}
 I - a potion of invisibility {unknown}
 K - a potion of beneficial mutation {unknown}
Books
 J - a book of Air

   Spells                             Type                      Level
   a - Shock                          Conjuration/Air              1
   b - Swiftness                      Charms/Air                   2
   c - Repel Missiles                 Charms/Air                   2
   d - Static Discharge               Conjuration/Air              3
   e - Lightning Bolt                 Conjuration/Air              5
Comestibles
 b - 4 bread rations
 d - 2 slices of pizza
 r - 5 meat rations
 z - 12 fruits
 M - 2 beef jerkies
 Q - 3 chunks of flesh


   Skills:
 - Level 3.0(2.0) Fighting
 - Level 2.6(1.7) Dodging
 - Level 1.7(0.8) Stealth
 * Level 12.6(11.4) Unarmed Combat
 - Level 8.0(6.9) Invocations


You had 9 spell levels left.
You didn't know any spells.

Dungeon Overview and Level Annotations

Branches:
Dungeon (9/15)             Temple (0/1) D:5
   Lair: D:8-11         Orc: D:9-12

Altars:
Ashenzari
Fedhas
Gozag
Okawaru
The Shining One

Shops:
D:6 ?


Innate Abilities, Weirdness & Mutations

You have a pair of small antennae on your head.
You have very sharp fingernails.
You have sharp toenails.
You regenerate health from kills.
You are partially covered in sharp spines.


Message History

A white ugly thing is nearby!
The white ugly thing bites you! The white ugly thing freezes you! You resist.
There is an open door here.
You claw the white ugly thing!
The white ugly thing is lightly wounded.
The white ugly thing bites you. The white ugly thing freezes you! You resist.
You claw the white ugly thing!
The white ugly thing is moderately wounded.
The white ugly thing bites you!
* * * LOW HITPOINT WARNING * * *
The white ugly thing freezes you! You resist.
* * * LOW HITPOINT WARNING * * *
You are too injured to fight recklessly!
You are too injured to fight recklessly!
You are too injured to fight recklessly!
Okay, then.
You feel better. The white ugly thing bites you.
* * * LOW HITPOINT WARNING * * *
The white ugly thing freezes you! You resist.
You die...

##########
#......^.#
#........#
#........###
#........'.#
+........#..#
#......u.##.+
#.....@..# ##
######'### #.#
#.# #.# ###.#
####### #...#
......#####
##.###
......)...###..##


You could see a white ugly thing.

Vanquished Creatures
  Pikel (D:6)
  A hippogriff (D:8)
  Sigmund (D:6)
  Menkaure (D:6)
  3 orc warriors
  4 slaves (D:6)
  2 ice beasts
  7 ogres
  2 phantoms
  4 centaurs
  6 bullfrogs
  A big kobold (D:7)
  4 scorpions
  6 killer bees (D:8)
  4 wights (D:8)
  A howler monkey (D:6)
  7 crimson imps
  10 hounds
  A centaur skeleton (D:5)
  5 orc priests
  A bullfrog skeleton (D:6)
  An orc wizard (D:11)
  10 worker ants
  A killer bee zombie (D:6)
  A howler monkey zombie (D:8)
  A worker ant zombie (D:5)
  A howler monkey skeleton (D:6)
  7 gnolls
  10 adders
  2 shadow imps
  An ooze (D:7)
  An adder zombie (D:2)
  7 worms
  3 dart slugs
  8 leopard geckos
  19 orcs
  5 ball pythons
  7 bats
  6 giant cockroaches
  9 goblins
  9 hobgoblins
  3 jackals (D:2)
  11 kobolds
  4 quokkas
  2 frilled lizards (D:1)
  A leopard gecko skeleton (D:6)
  A quokka zombie (D:2)
  6 rats
209 creatures vanquished.

Notes
Turn   | Place    | Note
-------+----------+-------------------------------------------
     0 | D:1      | kae the Demonspawn Monk began the quest for the Orb.
     0 | D:1      | Reached XP level 1. HP: 18/18 MP: 1/1
   133 | D:1      | Reached skill level 3 in Unarmed Combat
   499 | D:1      | Gained mutation: You are partially covered in sharp spines. [demonic ancestry]
   499 | D:1      | Reached XP level 2. HP: 15/24 MP: 2/2
   945 | D:1      | Gained mutation: You have sharp fingernails. [demonic ancestry]
   945 | D:1      | Reached XP level 3. HP: 29/29 MP: 3/3
  1291 | D:2      | Reached skill level 4 in Unarmed Combat
  1665 | D:2      | Reached XP level 4. HP: 35/35 MP: 4/4
  2115 | D:3      | Found a blossoming altar of Fedhas.
  2178 | D:3      | Reached skill level 5 in Unarmed Combat
  2451 | D:3      | Gained mutation: You have very sharp fingernails. [demonic ancestry]
  2451 | D:3      | Reached XP level 5. HP: 33/41 MP: 5/5
  2785 | D:4      | Noticed a phantom
  2811 | D:4      | Killed a phantom
  2811 | D:4      | Reached skill level 6 in Unarmed Combat
  2811 | D:4      | Gained mutation: You have sharp toenails. [demonic ancestry]
  2811 | D:4      | Reached XP level 6. HP: 30/47 MP: 6/6
  2885 | D:4      | Found an opulent altar of Gozag.
  2886 | D:4      | Found an iron altar of Okawaru.
  2894 | D:4      | Reached skill level 7 in Unarmed Combat
  2905 | D:4      | Found a glowing golden altar of the Shining One.
  2910 | D:4      | Became a worshipper of Warmaster Okawaru
  2910 | D:4      | Reached * piety under Okawaru
  2910 | D:4      | Reached ** piety under Okawaru
  3212 | D:4      | Gained mutation: You have a pair of small antennae on your head. [demonic ancestry]
  3212 | D:4      | Reached XP level 7. HP: 52/52 MP: 7/7
  3236 | D:4      | Found a shattered altar of Ashenzari.
  3419 | D:4      | Reached skill level 8 in Unarmed Combat
  3750 | D:5      | Entered Level 5 of the Dungeon
  3777 | D:5      | Found a staircase to the Ecumenical Temple.
  3787 | D:5      | Reached skill level 1 in Invocations
  4042 | D:5      | Reached XP level 8. HP: 55/58 MP: 10/10
  4205 | D:5      | Reached *** piety under Okawaru
  4205 | D:5      | Reached skill level 9 in Unarmed Combat
  4481 | D:6      | Noticed Menkaure
  4499 | D:6      | Killed Menkaure
  4555 | D:6      | Noticed Pikel
  4570 | D:6      | Killed Pikel
  4570 | D:6      | Reached skill level 10 in Unarmed Combat
  4594 | D:6      | Noticed Sigmund
  4652 | D:6      | Gained mutation: You regenerate a little health from kills. [demonic ancestry]
  4652 | D:6      | Reached XP level 9. HP: 57/63 MP: 13/13
  4785 | D:6      | Found Zozil's Magic Scroll Shop.
  4801 | D:6      | Bought a scroll of identify for 24 gold pieces
  4801 | D:6      | Bought a scroll of identify for 24 gold pieces
  4801 | D:6      | Bought a scroll of identify for 24 gold pieces
  4801 | D:6      | Bought a scroll of identify for 24 gold pieces
  4801 | D:6      | Bought a scroll of identify for 24 gold pieces
  5459 | D:6      | Killed Sigmund
  5459 | D:6      | Reached **** piety under Okawaru
  5737 | D:7      | Got a twitching marble ring
  5768 | D:7      | Reached skill level 11 in Unarmed Combat
  5970 | D:7      | Identified the ring of Risiyn {rF+ rC+ AC+2 Int+6 SInv} (You found it on level 7 of the Dungeon)
  6474 | D:8      | Reached skill level 12 in Unarmed Combat
  6474 | D:8      | Gained mutation: You regenerate health from kills. [demonic ancestry]
  6474 | D:8      | Reached XP level 10. HP: 56/70 MP: 14/16
  6475 | D:8      | Reached ***** piety under Okawaru
  7262 | D:9      | You fall through a shaft for 2 floors!
  7317 | D:11     | Noticed a white ugly thing
  7320 | D:11     | HP: 3/70 [white ugly thing (17)]
  7324 | D:11     | Mangled by a white ugly thing

Vault maps used:
D:1:      dpeg_arrival_boxes_within_box
D:2:      serial_undead, serial_undead_f, serial_undead_c, serial_undead_d,
          serial_undead_b
D:3:      fedhas_altar_fruit_tree
D:4:      grunt_temple_overflow_open, lemuel_crystal_altar, first_bread
D:6:      serial_shops, shop, kennysheep_generic_room_14, uniq_sigmund,
          uniq_pikel, uniq_menkaure
D:11:     erik_lair_island, orc_0_dummy

Skill      XL: |  1  2  3  4  5  6  7  8  9 |
---------------+----------------------------+-----
Unarmed Combat | 3 4 5 6 7 8 10 12 | 12.6
Invocations    | 3 6 8 |  8.0
Fighting       | |  3.0
Dodging        | |  2.6
Stealth        | |  1.7

Action                   |  1- 3 |  4- 6 |  7- 9 | 10-12 || total
-------------------------+-------+-------+-------+-------++-------
Melee: Unarmed           |    99 |   110 |   251 |    53 ||   513
       Punch             |     1 |       |     8 |     3 ||    12
       Kick              |       |    12 |    17 |       ||    29
Invok: Heroism           |       |       |     8 |     1 ||     9
  Use: Scroll            |       |    10 |    10 |     4 ||    24
       Potion            |       |     1 |     4 |     2 ||     7
 Stab: Sleeping          |     7 |     4 |    12 |     1 ||    24
  Eat: Chunk             |     2 |     5 |    10 |     3 ||    20
       Fruit             |       |       |     1 |       ||     1
Armor: Robe              |    10 |    14 |    22 |    10 ||    56
Dodge: Dodged            |    52 |    55 |   103 |    29 ||   239
